 Dungeon Crawl Stone Soup version 0.27.0-1-g7a08968 (webtiles) character file.

Game seed: 11436323646392671949

72 Scud the Magician (level 4, 0/33 HPs)
             Began as a Djinni Ice Elementalist on Aug 22, 2021.
             Slain by an ogre (28 damage)
             ... on level 2 of the Dungeon.
             The game lasted 00:10:37 (2427 turns).

Scud the Magician (Djinni Ice Elementalist)         Turns: 2427, Time: 00:10:40

Health: 0/33       AC:  3    Str:  7    XL:     4   Next: 50%
Gold:   75         EV: 11    Int: 18    God:
                   SH:  0    Dex: 13

rFire    + + .     SeeInvis .   i - +0 hunting sling
rCold    x . .     Faith    .   (no shield)
rNeg     . . .     Spirit   .   b - +0 leather armour
rPois    ∞         Reflect  .   (no helmet)
rElec    .         Harm     .   (no cloak)
rCorr    .         Rampage  .   (no gloves)
Will     .....                  (boots unavailable)
Stlth    ++........             (no amulet)
HPRegen  0.11/turn              (no ring)
MPRegen  0.00/turn              (no ring)

@: freezing walls, flying, very slightly contaminated
A: sickness immunity, fire resistance 2, cold vulnerability 1, float, innate
caster, hp casting, extra vitality 1
a: no special abilities


You were on level 2 of the Dungeon.
You visited 1 branch of the dungeon, and saw 2 of its levels.

You collected 75 gold pieces.

Inventory:

Hand Weapons
 i - a +0 hunting sling (weapon)
Missiles
 f - 21 sling bullets (quivered ammo)
 j - 14 poisoned darts (quivered)
Armour
 b - a +0 leather armour (worn)
Scrolls
 a - a scroll of summoning {unknown}
 e - 2 scrolls of blinking {unknown}
 g - a scroll of identify {unknown}
 h - a scroll of enchant weapon {unknown}
Potions
 c - a potion of curing {unknown}
 d - a potion of lignification {unknown}


   Skills:
 + Level 1.9 Fighting
 - Level 2.1 Dodging
 - Level 1.5 Stealth
 * Level 4.1 Spellcasting


You couldn't memorise any spells.
You knew the following spells:

 Your Spells              Type           Power      Damage    Failure   Level
a - Freeze                Ice            72%        1d9       4%          1
b - Frozen Ramparts       Ice            36%        1d5       12%         3
c - Ozocubu's Armour      Ice            18%        N/A       12%         3
d - Hailstorm             Conj/Ice       18%        3d6       36%         4
e - Pain                  Necr           72%        1d7       4%          1
Your spell library was empty.

Dungeon Overview and Level Annotations

Branches:
Dungeon (2/15)

Altars:

Shops:
D:2 [


Innate Abilities, Weirdness & Mutations

You are immune to sickness and miasma.
You are immune to poison.
Your flesh is very heat resistant. (rF++)
You are vulnerable to cold. (rC-)
You float through the air rather than walking.
You learn spells naturally, not from books.
Your magical power is your life essence.
You have superior vitality. (+4 HP)


Message History

Found a stone staircase leading down.
An ogre comes into view. It is wielding a +0 giant club.
Okay, then.
Throw: 16 darts (poison)
Press: ? - help, Q - select action, (/) - cycle Shift-Dir - straight line, f - ogre
Aim: an ogre, wielding a +0 giant club (asleep, 98% to hit)
You throw a poisoned dart. The poisoned dart hits the ogre.
The ogre shouts!
Throw: 15 darts (poison)
Press: ? - help, Q - select action, (/) - cycle Shift-Dir - straight line, f/p - ogre
Aim: an ogre, wielding a +0 giant club (72% to hit)
You throw a poisoned dart. The poisoned dart hits the ogre.
The ogre closely misses you.
Casting: Freeze (safe; 4% risk of failure)
Confirm with . or Enter, or press ? or * to list all spells.
The spell is quite dangerous to cast (12% risk of failure)!
Continue anyway?
Casting: Frozen Ramparts (quite dangerous; 12% risk of failure)
Press: ? - help, Dir - look around, f - activate The walls around you are covered in ice.
The wall freezes the ogre.
Casting: Frozen Ramparts (quite dangerous; 12% risk of failure)
Confirm with . or Enter, or press ? or * to list all spells.
Aiming: Freeze (safe; 4% risk of failure)
Press: ? - help, Shift-Dir - straight line, f - ogre
Aim: an ogre, wielding a +0 giant club (moderately wounded)
You miscast Freeze.
You are very lightly contaminated with residual magic.
Nothing appears to happen.
The wall freezes the ogre.
The ogre barely misses you.
Casting: Freeze (safe; 4% risk of failure)
Confirm with . or Enter, or press ? or * to list all spells.
Aiming: Freeze (safe; 4% risk of failure)
Press: ? - help, Shift-Dir - straight line, f/p - ogre
Aim: an ogre, wielding a +0 giant club (moderately wounded)
You freeze the ogre.
The ogre is heavily wounded.
The wall freezes the ogre.
The ogre hits you with a +0 giant club!!
Ouch! That really hurt!
You die...

###..##.##...........#
..>.....##.#####.#.###
......####.# #.#.#
##....# #.# #.#.#
......# #.# #.#.#
##.##.####.### #.#.#
#. #.##.....# #.#.# #
#.##.#.#.# #O#.#
#.##.#)#.###@#.###
#.............#
#.####.#.###.#####
#........# #.#
######.#.# #.# #.#.#
#.# #.#.# #.# #.#.#
#.# #.#.##


You could see an ogre.

Vanquished Creatures
  Robin (D:2)
  2 adders (D:2)
  A bat (D:1)
  6 endoplasms
  A giant cockroach (D:1)
  10 goblins
  4 hobgoblins
  3 jackals
  2 quokkas
  2 ball pythons
  2 frilled lizards (D:2)
  2 kobolds
  3 rats (D:1)
39 creatures vanquished.

Notes
Turn   | Place    | Note
-------+----------+-------------------------------------------
     0 | D:1      | Scud the Djinni Ice Elementalist began the quest for the
                  | Orb.
     0 | D:1      | Reached XP level 1. HP: 15/15 MP: 0/0
   444 | D:1      | Reached XP level 2. HP: 20/22 MP: 0/0
   834 | D:1      | Reached skill level 1 in Fighting
  1396 | D:1      | Found a faded altar of an unknown god.
  1454 | D:2      | Noticed Robin
  1455 | D:2      | Found Edaujo Avomu's Antique Armour Shoppe.
  1465 | D:1      | Reached XP level 3. HP: 12/27 MP: 0/0
  1465 | D:1      | Learned a level 1 spell: Pain
  1955 | D:2      | Reached XP level 4. HP: 30/32 MP: 0/0
  1962 | D:2      | Reached skill level 4 in Spellcasting
  1965 | D:2      | Killed Robin
  2399 | D:2      | Noticed an ogre
  2427 | D:2      | Slain by an ogre

Illustrated notes

Levels and vault maps discovered:
D:1:      dpeg_chamrin_arrival_tetris, layout_loops_ring,
          shapermc_ecumenical_altar_hornbeckon, hex_large, st_stairs_3,
          roderic_roman_lattice
D:2:      layout_basic, serial_shops, nicolae_shop_waterfront,
          nicolae_shop_stone, shop, nicolae_diamond_shop, uniq_robin

Skill      XL: |  1  2  3  4 |
---------------+-------------+-----
Fighting       | 1 |  1.9
Spellcasting   | 4 |  4.1
Dodging        | |  2.1
Stealth        | |  1.5

Action                   |  1- 3 |  4- 6 || total
-------------------------+-------+-------++-------
Melee: Unarmed           |     2 |       ||     2
 Fire: Hunting sling     |     7 |    22 ||    29
Throw: Dart              |       |     2 ||     2
 Cast: Freeze            |    33 |    12 ||    45
       Frozen Ramparts   |     3 |     3 ||     6
Armor: Leather armour    |    10 |     4 ||    14
       Robe              |     1 |       ||     1
Dodge: Dodged            |    18 |    11 ||    29
